 Dungeon Crawl Stone Soup version 0.25-a0-283-ge7e91ba8d0 (webtiles) character file.

Game seed: 7913980011171518308, levelgen mode: deterministic

4 EWolf27 the Shield-Bearer (level 1, 0/14 HPs)
             Began as a Gargoyle Fighter on Dec 11, 2019.
             Slain by a gnoll
             ... wielding a +0 halberd
              (3 damage)
             ... on level 1 of the Dungeon.
             The game lasted 00:01:52 (284 turns).

EWolf27 the Shield-Bearer (Gargoyle Fighter)         Turns: 284, Time: 00:01:53

Health: 0/14       AC:  9    Str: 19    XL:     1   Next: 60%
Magic:  1/1        EV:  7    Int:  8    God:
Gold:   0          SH:  9    Dex:  9    Spells: 0/0 levels left

rFire    . . .     SeeInvis .   a - +0 flail
rCold    . . .     Gourm    .   c - +0 shield
rNeg     + . .     Faith    .   b - +0 scale mail
rPois    ∞         Spirit   .   (no helmet)
rElec    +         Reflect  .   (no cloak)
rCorr    .         Harm     .   (no gloves)
MR       .....                  (no boots)
Stlth    ..........             (no amulet)
HPRegen  0.04/turn              (no ring)
MPRegen  0.07/turn              (no ring)

@: no status effects
A: negative energy resistance 1, electricity resistance, unbreathing,
petrification resistance, rot immunity, AC +2
a: no special abilities


You were on level 1 of the Dungeon.
You were not hungry.

You visited 1 branch of the dungeon, and saw 1 of its levels.

Inventory:

Hand Weapons
 a - a +0 flail (weapon)
Missiles
 e - 25 stones (quivered)
Armour
 b - a +0 scale mail (worn)
 c - a +0 shield (worn)
Potions
 d - a potion of might
Comestibles
 f - 2 rations


   Skills:
 - Level 3.2 Fighting
 + Level 2.2 Maces & Flails
 - Level 3.2 Armour
 + Level 3.4 Shields


You couldn't memorise any spells.
You didn't know any spells.
Your spell library was empty.

Dungeon Overview and Level Annotations

Branches:
Dungeon (1/15)

Altars:


Innate Abilities, Weirdness & Mutations

You are resistant to torment.
Your stone body is resilient. (AC +2)
You are immune to poison.
You resist negative energy. (rN+)
You are resistant to electric shocks. (rElec)
You can survive without breathing.
You are immune to petrification.
You are immune to rotting.


Message History

The kobold completely misses you. The kobold hits you but does no damage.
You sock the kobold!
You kill the kobold!
No target in view!
e - 25 stones (gained 1)
A gnoll comes into view. It is wielding a +0 halberd.
The gnoll shouts!
Found a leather armour.
All of the chunks of flesh in your inventory have rotted away.
You see here a kobold corpse.
You block the gnoll's attack.
The gnoll hits you from afar with a +0 halberd.
You block the gnoll's attack.
You closely miss the gnoll. The gnoll hits you but does no damage.
Your shield prevents you from hitting the gnoll.
The gnoll hits you with a +0 halberd.
* * * LOW HITPOINT WARNING * * *
Your shield prevents you from hitting the gnoll.
The gnoll hits you with a +0 halberd.
You die...

.......#.# #.#
.......#.######.#
.[.g...#.....##.#
.....#.###.##.# ...#.#
#.##.#
######.#.###.##.#
##...##..g..†....#
##.....#######g####
##.......## ##@#####
##.........####......#
)'.........+.......#.#
##.........####...##.#
##.......## ##.###.#
##.....## ### #.# #
##...## #####.## ##
###'##### #....#.# .#
#.......# #.###.##


You could see a gnoll.

Vanquished Creatures
  A goblin (D:1)
  A hobgoblin (D:1)
  A kobold (D:1)
3 creatures vanquished.

Notes
Turn   | Place    | Note
-------+----------+-------------------------------------------
     0 | D:1      | EWolf27 the Gargoyle Fighter began the quest for the Orb.
     0 | D:1      | Reached XP level 1. HP: 14/14 MP: 1/1
     3 | D:1      | Noticed a vine stalker
     3 | D:1      | Noticed a felid
     5 | D:1      | Noticed a spriggan
     7 | D:1      | Noticed a demonspawn
     7 | D:1      | Noticed an octopode
     9 | D:1      | Noticed a tengu
     9 | D:1      | Noticed a centaur
    11 | D:1      | Noticed a naga
    13 | D:1      | Noticed a vampire
    13 | D:1      | Noticed a minotaur
    15 | D:1      | Noticed a halfling
    15 | D:1      | Noticed a troll
    17 | D:1      | Noticed a demigod
    19 | D:1      | Noticed an elf
    19 | D:1      | Noticed a human
    21 | D:1      | Noticed a dwarf
    21 | D:1      | Noticed a gargoyle
    23 | D:1      | Noticed a draconian
    25 | D:1      | Noticed an ogre
    25 | D:1      | Noticed a ghoul
    27 | D:1      | Noticed a merfolk
    27 | D:1      | Noticed a formicid
   284 | D:1      | Slain by a gnoll

Levels and vault maps discovered:
D:1:      kb_arrival_jail, layout_loops_corners, minmay_crystal_room

Action                   || total
-------------------------++-------
Melee: Flail             ||    15
Armor: Scale mail        ||     6
Dodge: Dodged            ||     2
Block: Shield            ||     9

Table legend:
 A = Non-vault XP
 B = Vault XP
 C = Vault XP percentage of total XP
 D = Non-vault monster count
 E = Vault monster count
 F = Vault count percentage of total count
                 A         B        C        D         E       F
            +---------+---------+-------+---------+---------+-------
      Total |       6 |       0 |   0.0 |       3 |       0 |   0.0
            +---------+---------+-------+---------+---------+-------
        D:1 |       6 |       0 |   0.0 |       3 |       0 |   0.0
            +---------+---------+-------+---------+---------+-------
